Map: Romanticide LE

Players

Kelazhur - Winner!

  • Race: Terran Terran
  • Spawn Location: 11:00

Cham

  • Race: Zerg Zerg
  • League: Grandmaster
  • Spawn Location: 5:00

Event: DreamHack SC2 Masters 2020 Winter

VOD

Have the link to the VOD?

Description

Time

  • Played on: Oct. 25, 2020, 5:02 p.m.
  • Length: 8:37

All games in this series

Show
View Real Time Build Order
Export as new Build Order

Kelazhur Terran - Winner!

Build Orders: Reaper Expand, Mech 

Get SALT Encoding   

  12  0:00  SCV  
  13  0:12  SCV  
  14  0:17  Supply Depot  
  14  0:24  SCV  
  15  0:38  SCV  
  15  0:40  Barracks  
  16  0:43  Refinery  
  16  0:50  SCV  
  17  1:03  SCV  
  18  1:15  SCV  
  19  1:27  Orbital Command, Reaper  
  20  1:37  Command Center  
  20  1:45  Supply Depot  
  20  1:52  SCV  
  21  1:59  Marine  
  22  2:03  Factory  
  22  2:05  SCV  
  23  2:17  SCV  
  23  2:20  Barracks Reactor  
  24  2:29  SCV  
  25  2:40  Command Center  
  25  2:41  SCV  
  26  2:50  Orbital Command  
  26  2:53  SCV  
  27  3:04  Starport  
  27  3:05  Hellion  
  29  3:07  SCV  
  29  3:10  Hellion  
  32  3:16  SCV  
  32  3:19  SCV  
  34  3:22  Refinery  
  34  3:23  Barracks Tech Lab  
  34  3:28  SCV, Hellion  
  34  3:31  SCV  
  38  3:40  SCV  
  39  3:42  Hellion  
  39  3:44  SCV  
  39  3:47  Banshee  
  45  3:52  SCV, Orbital Command  
  46  3:56  SCV  
  46  3:59  Barracks Tech Lab  
  47  4:04  Supply Depot, SCV  
  47  4:08  SCV  
  49  4:12  Barracks x2  
  49  4:17  SCV  
  50  4:18  Marine, Factory Reactor  
  50  4:20  Stimpack  
  50  4:21  SCV x2  
  53  4:29  SCV  
  54  4:32  Engineering Bay  
  54  4:33  SCV x2, Refinery  
  54  4:34  Engineering Bay  
  56  4:39  Marine  
  56  4:41  SCV, Starport Reactor  
  56  4:45  SCV x2, Refinery  
  60  4:53  SCV  
  60  4:57  SCV x2, Supply Depot  
  63  5:00  Terran Infantry Weapons Level 1  
  63  5:03  Terran Infantry Armor Level 1  
  63  5:04  Marine x2  
  65  5:07  SCV  
  65  5:09  SCV  
  65  5:10  Orbital Command  
  67  5:17  Marine x2  
  67  5:18  Marine  
  67  5:19  Barracks  
  70  5:21  Supply Depot  
  70  5:22  Supply Depot  
  70  5:23  SCV  
  70  5:25  Barracks  
  70  5:26  SCV  
  70  5:27  Marine x2  
  74  5:30  Medivac  
  74  5:34  Supply Depot  
  76  5:36  SCV  
  77  5:43  Siege Tank, Medivac, SCV x2  
  77  5:44  Marine x3  
  77  5:45  Marine  
  77  5:46  Marine  
  77  5:48  SCV  
  90  5:55  SCV  
  90  5:56  Armory, Supply Depot  
  91  5:57  Supply Depot  
  91  5:58  SCV  
  91  5:59  Combat Shield  
  91  6:00  SCV  
  93  6:07  SCV  
  93  6:10  SCV  
  93  6:11  Medivac, Marine  
  95  6:12  Marine x3  
  95  6:13  SCV, Barracks Reactor x2  
  100  6:19  Marine, SCV  
  100  6:22  SCV  
  100  6:25  SCV  
  104  6:27  Supply Depot  
  104  6:28  Supply Depot  
  104  6:29  Marine  
  104  6:30  Marine x2  
  104  6:32  SCV  
  101  6:34  Marine  
  101  6:37  SCV x2  
  104  6:40  Command Center  
  104  6:43  Medivac x2  
  108  6:47  Marine x3  
  108  6:48  SCV, Factory Reactor  
  112  6:54  Marine x2  
  112  6:59  Marine  
  112  7:01  Supply Depot  
  115  7:03  SCV  
  115  7:06  Marine x6  
  120  7:12  Marine  
  120  7:13  Marine  
  121  7:17  Marine  
  121  7:18  SCV x2  
  124  7:30  Marine  
  124  7:31  Marine x5  
  124  7:34  Supply Depot  
  124  7:36  Factory  
  130  7:39  Barracks  
  130  7:40  Barracks  
  130  7:42  Supply Depot, Refinery  
  130  7:49  Widow Mine  
  132  7:52  Factory, Widow Mine, Medivac  
  136  8:00  Marine  
  125  8:07  Marine  
  125  8:08  Marine  
  125  8:10  Marine x6  
  125  8:11  SCV x2  
Show
View Real Time Build Order
Export as new Build Order

Cham Zerg 

Build Orders: Hatch First 

Get SALT Encoding   

  12  0:00  Drone  
  13  0:08  Drone  
  14  0:16  Overlord  
  14  0:35  Drone x2  
  16  0:47  Hatchery  
  15  0:51  Drone  
  15  0:54  Drone  
  17  0:58  Drone  
  18  1:08  Extractor  
  17  1:13  Spawning Pool  
  17  1:16  Drone  
  17  1:19  Drone  
  18  1:28  Drone  
  19  1:40  Drone  
  20  1:50  Overlord  
  20  1:59  Queen x2  
  20  2:00  Zergling x2  
  25  2:02  Zergling x2  
  26  2:10  Drone  
  26  2:13  Drone, Metabolic Boost  
  28  2:21  Drone  
  29  2:23  Drone  
  30  2:40  Drone x2, Hatchery  
  31  2:45  Drone x2  
  33  2:53  Overlord  
  33  2:55  Overlord  
  33  3:04  Drone  
  33  3:05  Drone  
  35  3:11  Queen  
  35  3:12  Drone, Queen  
  38  3:16  Drone  
  38  3:17  Drone  
  38  3:19  Drone  
  43  3:23  Drone  
  44  3:28  Overlord  
  44  3:29  Drone  
  45  3:36  Drone  
  46  3:41  Overlord  
  46  3:44  Drone  
  47  3:50  Queen  
  47  3:51  Evolution Chamber x2  
  47  3:52  Queen  
  49  3:57  Drone x3  
  49  3:58  Drone  
  53  4:03  Spine Crawler  
  53  4:04  Drone  
  53  4:05  Zergling x2  
  53  4:09  Overlord  
  54  4:10  Drone  
  54  4:12  Drone  
  54  4:15  Drone x2  
  59  4:18  Zerg Ground Armor Level 1  
  59  4:23  Zergling x2  
  60  4:25  Zergling x6  
  63  4:31  Drone  
  63  4:32  Zerg Melee Weapons Level 1  
  63  4:33  Drone x2  
  63  4:36  Drone  
  67  4:40  Extractor x2, Overlord  
  67  4:41  Drone, Spore Crawler, Zergling x2  
  67  4:42  Drone  
  67  4:44  Drone  
  68  4:49  Drone  
  68  4:50  Drone x4  
  73  4:53  Drone  
  73  4:57  Overlord  
  73  4:59  Extractor  
  73  5:01  Spore Crawler  
  72  5:08  Drone x5  
  72  5:10  Lair  
  77  5:17  Overlord  
  77  5:18  Hatchery  
  77  5:21  Drone x3  
  77  5:26  Overlord  
  79  5:31  Drone  
  79  5:32  Zergling x6  
  79  5:33  Zergling x6  
  86  5:39  Zergling x6  
  86  5:42  Drone, Baneling Nest  
  90  5:43  Queen  
  90  5:45  Zergling x2  
  90  5:49  Zergling x2  
  93  5:51  Overlord  
  93  5:52  Zergling x2  
  93  5:53  Zergling x4  
  93  5:56  Zergling x6  
  100  5:57  Zergling x2  
  100  5:59  Overlord  
  99  6:05  Zergling x6  
  99  6:07  Zergling x4  
  99  6:10  Overlord  
  103  6:13  Zerg Ground Armor Level 2  
  98  6:29  Zergling x18  
  98  6:30  Overlord  
  106  6:33  Drone x2  
  106  6:34  Baneling x5, Centrifical Hooks  
  106  6:38  Drone x2  
  110  6:41  Baneling x2  
  110  6:43  Baneling  
  110  6:44  Baneling x4  
  110  6:46  Drone  
  110  6:47  Drone  
  112  6:52  Zergling x6  
  112  6:53  Hatchery  
  111  6:55  Zergling x2  
  111  7:00  Zergling x4  
  114  7:03  Zergling x2  
  114  7:06  Zergling x8  
  114  7:07  Queen  
  121  7:08  Zergling x2  
  121  7:09  Zergling x12  
  121  7:12  Baneling  
  121  7:13  Baneling x4  
  126  7:17  Zergling x6  
  128  7:27  Zergling x2  
  128  7:28  Zergling x2  
  127  7:35  Zergling x2  
  126  7:39  Overlord x4  
  126  7:41  Overlord  
  126  7:46  Baneling x3  
  126  7:47  Baneling x4  
  126  7:48  Zergling x2  
  126  7:49  Overlord x2  
  124  7:58  Zergling x8  
  124  7:59  Zergling x10  
  124  8:05  Zergling x4  
  108  8:07  Zergling x2  
  108  8:08  Zergling x6  
  108  8:09  Zergling x2  
  98  8:14  Zergling x22  
  98  8:16  Baneling x2  
  98  8:18  Baneling x3  
  98  8:19  Baneling x4  
Tags
 
Add a new tag
Caveats
  • Supply blocks, unpowered buildings, or Contaminate may cause inaccurate times.
  • Supply counts are checked every 10 seconds.